 Dungeon Crawl Stone Soup version 0.29.1-12-g30fa7ad0bf (webtiles) character file.

Game seed: 15321502541438412222

83 wormed the Ducker (level 4, -2/41 HPs)
             Began as a Gnoll Monk on Dec 28, 2022.
             Splashed by a jelly's acid (9 damage)
             ... on level 4 of the Dungeon.
             The game lasted 00:03:39 (1800 turns).

wormed the Ducker (Gnoll Monk)                      Turns: 1800, Time: 00:03:43

Health: -2/41      AC: -9    Str:  8    XL:     4   Next: 44%
Magic:  5/5        EV: 20    Int: 10    God:
Gold:   235        SH:  5    Dex: 21    Spells: 5/5 levels left

rFire   . . .      SeeInvis .   a - +0 falchion
rCold   . . .      Faith    .   (no shield)
rNeg    + + .      Spirit   .   i - +2 leather armour of Patience {rN++ Str-2 Dex+5}
rPois   .          Reflect  +   o - +0 helmet
rElec   .          Harm     .   (no cloak)
rCorr   .          Rampage  .   (no gloves)
Will    .....                   (no boots)
Stlth   +++.......              p - amulet of reflection
HPRegen 0.13/turn               v - +4 ring of evasion
MPRegen 0.09/turn               (no ring)

@: corroded
A: fangs 1, strong nose, distributed training
a: no special abilities


You were on level 4 of the Dungeon.
You visited 1 branch of the dungeon, and saw 4 of its levels.

You collected 235 gold pieces.

Inventory:

Hand Weapons
 a - a +0 falchion (weapon)
Armour
 i - the +2 leather armour of Patience (worn) {rN++ Str-2 Dex+5}
   (You found it on level 2 of the Dungeon)

   Str:       It affects your strength (-2).
   Dex:       It affects your dexterity (+5).
   rN:        It greatly protects you from negative energy.
 o - a +0 helmet (worn)
Jewellery
 k - a ring of fire
 p - an amulet of reflection (around neck)
 v - a +4 ring of evasion (left hand)
Scrolls
 b - a scroll of noise {unknown}
 e - 3 scrolls of immolation {unknown}
 f - 3 scrolls of identify {unknown}
 g - a scroll of magic mapping {unknown}
 h - a scroll of enchant weapon {unknown}
 j - a scroll of fear {unknown}
 m - a scroll of poison {unknown}
 r - a scroll of vulnerability {unknown}
 x - a scroll of amnesia {unknown}
 y - a scroll of brand weapon {unknown}
Potions
 c - a potion of ambrosia
 d - a potion of flight {unknown}
 l - 2 potions of degeneration {unknown}
 n - a potion of haste {unknown}
 s - a potion of heal wounds {unknown}
 t - a potion of brilliance {unknown}
 u - a potion of cancellation {unknown}
 w - a potion of lignification {unknown}


   Skills:
 + Level 6.6 Fighting
 + Level 1.2 Short Blades
 + Level 6.6 Long Blades
 + Level 1.2 Axes
 + Level 1.2 Maces & Flails
 + Level 1.2 Polearms
 + Level 1.2 Staves
 + Level 1.2 Ranged Weapons
 + Level 1.2 Throwing
 + Level 1.2 Armour
 + Level 6.6 Dodging
 + Level 4.3 Stealth
 + Level 1.2 Shields
 + Level 1.2 Unarmed Combat
 + Level 1.2 Spellcasting
 + Level 1.0 Conjurations
 + Level 1.0 Hexes
 + Level 1.0 Summonings
 + Level 1.0 Necromancy
 + Level 1.0 Translocations
 + Level 1.0 Transmutations
 + Level 1.0 Fire Magic
 + Level 1.0 Ice Magic
 + Level 1.0 Air Magic
 + Level 1.0 Earth Magic
 + Level 1.0 Poison Magic
 + Level 1.3 Invocations
 + Level 1.2 Evocations


You had 5 spell levels left.
You didn't know any spells.
Your spell library was empty.

Dungeon Overview and Level Annotations

Branches:
Dungeon (4/15)
 Temple: D:4-7

Altars:
Elyvilon
Makhleb
Zin
The Shining One

Shops:
D:2 (


Innate Abilities, Weirdness & Mutations

You have very sharp teeth.
Your uncanny sense of smell can sniff out nearby items.
Your experience applies equally to all skills.


Message History

You are too injured to fight recklessly!
You barely miss the jelly.
The jelly is lightly wounded.
The jelly hits you.
You are splashed with acid.
v - a +4 ring of evasion (left hand)
You block the jelly's attack.
You hit the jelly but do no damage.
Your hands burn!
* * * LOW HITPOINT WARNING * * *
The jelly is lightly wounded.
The jelly completely misses you. The jelly attacks as you move away!
The jelly barely misses you.
Found a stone staircase leading down.
The jelly attacks as you move away! You block the jelly's attack.
The jelly attacks as you move away! You block the jelly's attack.
It was a potion of curing.
You feel better. The jelly barely misses you.
You barely miss the jelly. You bite the jelly, but do no damage.
The jelly is lightly wounded.
The jelly hits you.
You are splashed with acid.
The jelly attacks as you move away! The jelly hits you.
* * * LOW HITPOINT WARNING * * *
The acid corrodes you!
You are splashed with acid!
* * * LOW HITPOINT WARNING * * *
You feel better. You block the jelly's attack.
You feel better. You block the jelly's attack.
Press: ? - help, v - describe, . - travel The floor.
You hit the jelly.
Your hands burn!
The jelly is lightly wounded.
The jelly barely misses you.
You slash the jelly!
Your hands burn!
You bite the jelly, but do no damage.
The jelly is severely wounded.
The jelly barely misses you.
You hit the jelly but do no damage.
Your hands burn!
* * * LOW HITPOINT WARNING * * *
You bite the jelly, but do no damage.
The jelly is severely wounded.
The jelly hits you.
* * * LOW HITPOINT WARNING * * *
The acid corrodes you!
You are splashed with acid!
You die...

..>..##....).......
#..#..........##.###
#..##............... # ##..#
#.....$........ ##.
#...###...##.........
#..###...##..............#
#.........)....#........#
.........#.......##.........
.....#...#.@J#).###..##...##
......####....<...#.####
#### .......###....#..#[.##
.......#.#..###......#
...........#..###<.#
....#.........#....#
.#..#..##...#..##..#
#.#................
#...........#......


You could see a jelly.

Vanquished Creatures
  4 adders
  2 worms
  3 dart slugs
  5 ball pythons
  2 endoplasms
  A giant cockroach (D:2)
  4 goblins
  A hobgoblin (D:3)
  4 kobolds
  3 quokkas
  2 bats
  A frilled lizard (D:2)
  3 rats
35 creatures vanquished.

Notes
Turn   | Place    | Note
-------+----------+-------------------------------------------
     0 | D:1      | wormed the Gnoll Monk began the quest for the Orb.
     0 | D:1      | Reached XP level 1. HP: 23/23 MP: 1/1
   106 | D:1      | You fall into a shaft and drop 1 floor!
   181 | D:2      | Identified the +2 leather armour of Patience {rN++ Str-2
                  | Dex+5}
   190 | D:2      | Reached XP level 2. HP: 29/29 MP: 2/2
   265 | D:2      | Found Lyaruaxke's Weapon Emporium.
   295 | D:2      | Reached XP level 3. HP: 34/35 MP: 2/4
   374 | D:2      | Reached skill level 1 in Invocations
   412 | D:2      | Found a faded altar of an unknown god.
   694 | D:1      | Reached skill level 1 in Short Blades
   694 | D:1      | Reached skill level 1 in Axes
   694 | D:1      | Reached skill level 1 in Maces & Flails
   694 | D:1      | Reached skill level 1 in Polearms
   694 | D:1      | Reached skill level 1 in Staves
   694 | D:1      | Reached skill level 1 in Ranged Weapons
   694 | D:1      | Reached skill level 1 in Throwing
   694 | D:1      | Reached skill level 1 in Armour
   694 | D:1      | Reached skill level 1 in Shields
   694 | D:1      | Reached skill level 1 in Unarmed Combat
   694 | D:1      | Reached skill level 1 in Spellcasting
   694 | D:1      | Reached skill level 1 in Evocations
  1207 | D:3      | Found a glowing golden altar of the Shining One.
  1257 | D:3      | Reached XP level 4. HP: 40/41 MP: 5/5
  1319 | D:3      | Found a glowing silver altar of Zin.
  1401 | D:3      | Found a white marble altar of Elyvilon.
  1672 | D:3      | Found a burning altar of Makhleb.
  1754 | D:4      | Reached skill level 1 in Conjurations
  1754 | D:4      | Reached skill level 1 in Hexes
  1754 | D:4      | Reached skill level 1 in Summonings
  1754 | D:4      | Reached skill level 1 in Necromancy
  1754 | D:4      | Reached skill level 1 in Translocations
  1754 | D:4      | Reached skill level 1 in Transmutations
  1754 | D:4      | Reached skill level 1 in Fire Magic
  1754 | D:4      | Reached skill level 1 in Ice Magic
  1754 | D:4      | Reached skill level 1 in Air Magic
  1754 | D:4      | Reached skill level 1 in Earth Magic
  1754 | D:4      | Reached skill level 1 in Poison Magic
  1800 | D:4      | Splashed by a jelly's acid

Illustrated notes

Levels and vault maps discovered:
D:1:      lightli_iron_boxes, layout_loops_cross, dreamdust_princess_bridge
D:2:      layout_rooms, serial_shops, shop, hellmonk_ecumenical_altar_run_dry,
          grunt_decor_cap
D:3:      layout_basic, nicolae_overflow_quartered_altars
D:4:      layout_cave_pools, gup_sewer_entry_bubbles, nicolae_shop_vocational

Skill      XL: |  1  2  3  4 |
---------------+-------------+-----
Invocations    | 1 |  1.3
Short Blades   | 1 |  1.2
Axes           | 1 |  1.2
Maces & Flails | 1 |  1.2
Polearms       | 1 |  1.2
Staves         | 1 |  1.2
Ranged Weapons | 1 |  1.2
Throwing       | 1 |  1.2
Armour         | 1 |  1.2
Shields        | 1 |  1.2
Unarmed Combat | 1 |  1.2
Spellcasting   | 1 |  1.2
Evocations     | 1 |  1.2
Conjurations   | 1 |  1.0
Hexes          | 1 |  1.0
Summonings     | 1 |  1.0
Necromancy     | 1 |  1.0
Translocations | 1 |  1.0
Transmutations | 1 |  1.0
Fire Magic     | 1 |  1.0
Ice Magic      | 1 |  1.0
Air Magic      | 1 |  1.0
Earth Magic    | 1 |  1.0
Poison Magic   | 1 |  1.0
Fighting       | |  6.6
Long Blades    | |  6.6
Dodging        | |  6.6
Stealth        | |  4.3

Action                   |  1- 3 |  4- 6 || total
-------------------------+-------+-------++-------
Melee: Falchion          |    69 |    58 ||   127
       Bite              |    10 |     8 ||    18
       Punch             |       |     3 ||     3
  Use: Potion            |       |     3 ||     3
 Stab: Sleeping          |    10 |     3 ||    13
Armor: Robe              |     7 |       ||     7
       Leather armour    |    12 |     9 ||    21
Dodge: Dodged            |    58 |    33 ||    91
Block: Other             |     9 |    13 ||    22
